 Dungeon Crawl Stone Soup version 0.26.1-2-gb8aa6d0cf2 (webtiles) character file.

Game seed: 7038711613350693685

128 H0rd4k the Charlatan (level 5, 0/38 HPs)
             Began as a Human Artificer on Feb 17, 2021.
             Slain by an orc
             ... wielding a +0 club
              (3 damage)
             ... on level 4 of the Dungeon.
             The game lasted 00:02:42 (2817 turns).

H0rd4k the Charlatan (Human Artificer)              Turns: 2817, Time: 00:02:42

Health: 0/38       AC:  3    Str: 13    XL:     5   Next: 33%
Magic:  5/5        EV: 12    Int: 11    God:
Gold:   129        SH:  0    Dex: 14    Spells: 4/4 levels left

rFire    . . .     SeeInvis .   g - +0 dagger
rCold    . . .     Faith    .   (no shield)
rNeg     . . .     Spirit   .   b - +0 leather armour
rPois    .         Reflect  .   (no helmet)
rElec    .         Harm     .   (no cloak)
rCorr    .         Rampage  .   (no gloves)
Will     .....                  (no boots)
Stlth    ++........             (no amulet)
HPRegen  0.12/turn              (no ring)
MPRegen  0.09/turn              (no ring)

@: no status effects
A: no striking features
a: no special abilities


You were on level 4 of the Dungeon.
You visited 1 branch of the dungeon, and saw 4 of its levels.

You collected 129 gold pieces.

Inventory:

Hand Weapons
 a - a +0 club
 g - a +0 dagger (weapon)
Missiles
 j - 8 silver javelins (quivered)
Armour
 b - a +0 leather armour (worn)
Jewellery
 p - a +6 ring of dexterity {unknown}
Wands
 c - a wand of flame (9)
 d - a wand of enslavement (15)
 e - a wand of random effects (15)
Scrolls
 f - a scroll of amnesia {unknown}
 h - 6 scrolls of identify {unknown}
 i - 2 scrolls of enchant weapon {unknown}
 k - a scroll of magic mapping {unknown}
 l - 3 scrolls of blinking {unknown}
 o - 2 scrolls of remove curse {unknown}
Potions
 m - 2 potions of degeneration {unknown}
 n - a potion of haste {unknown}
 q - a potion of flight {unknown}


   Skills:
 + Level 2.1 Fighting
 + Level 2.0 Short Blades
 + Level 0.4 Throwing
 + Level 2.7 Armour
 + Level 1.7 Dodging
 + Level 1.5 Stealth
 + Level 3.6 Evocations


You had 4 spell levels left.
You didn't know any spells.
Your spell library was empty.

Dungeon Overview and Level Annotations

Branches:
Dungeon (4/15)
 Temple: D:4-7

Altars:
Fedhas
Nemelex Xobeh


Message History

The orc is lightly wounded.
The orc hits you with a +0 club.
* * * LOW HITPOINT WARNING * * *
You hit the orc but do no damage.
The orc is lightly wounded.
You hit the orc but do no damage.
The orc is lightly wounded.
The orc barely misses you.
You hit the orc but do no damage.
The orc is lightly wounded.
The orc hits you with a +0 club.
* * * LOW HITPOINT WARNING * * *
You hit the orc but do no damage.
The orc is lightly wounded.
The orc hits you but does no damage.
Aiming: Throw Flame
Press: ? - help, Shift-Dir - straight line, f - orc
Aim: an orc, wielding a +0 club and wearing a +0 chain mail (lightly wounded, 21% to evade)
The puff of flame misses the orc.
The orc hits you with a +0 club.
You die... ###.######## .......@o..# ###>######.#

You could see an orc.

Vanquished Creatures
  Natasha (twice) (D:3)
  3 adders (D:3)
  An ooze (D:1)
  A worm (D:2)
  A dart slug (D:1)
  A leopard gecko (D:2)
  An orc (D:3)
  3 giant cockroaches (D:2)
  3 goblins
  8 hobgoblins
  6 kobolds
  A ball python (D:3)
  6 bats
  A frilled lizard (D:2)
  6 rats
44 creatures vanquished.

Notes
Turn   | Place    | Note
-------+----------+-------------------------------------------
     0 | D:1      | H0rd4k the Human Artificer began the quest for the Orb.
     0 | D:1      | Reached XP level 1. HP: 15/15 MP: 1/1
   301 | D:1      | Reached XP level 2. HP: 21/21 MP: 2/2
   744 | D:1      | Found a sparkling altar of Nemelex Xobeh.
  1061 | D:1      | Reached XP level 3. HP: 15/26 MP: 3/3
  1450 | D:2      | Reached skill level 1 in Short Blades
  2068 | D:3      | Reached XP level 4. HP: 25/33 MP: 4/4
  2069 | D:3      | Found a blossoming altar of Fedhas.
  2172 | D:3      | Noticed Natasha
  2207 | D:3      | Killed Natasha
  2353 | D:3      | Noticed Natasha
  2359 | D:3      | Killed Natasha
  2360 | D:3      | Reached XP level 5. HP: 15/38 MP: 5/5
  2817 | D:4      | Slain by an orc

Illustrated notes

Levels and vault maps discovered:
D:1:      dpeg_arrival_lava_altar, layout_basic
D:2:      layout_rooms
D:3:      layout_rooms, lemuel_crystal_altar, chequers_ecumenical_altar_grove,
          uniq_natasha, uniq_terence, uniq_robin
D:4:      layout_loops_ring, uniq_sigmund

Skill      XL: |  1  2  3  4  5 |
---------------+----------------+-----
Short Blades   | 1 2 |  2.0
Fighting       | 2 |  2.1
Throwing       | |  0.4
Armour         | |  2.7
Dodging        | |  1.7
Stealth        | |  1.5
Evocations     | |  3.6

Action                   |  1- 3 |  4- 6 || total
-------------------------+-------+-------++-------
Melee: Dagger            |   116 |   118 ||   234
       Club              |     6 |       ||     6
Throw: Javelin           |     8 |     1 ||     9
Evoke: Wand              |       |     6 ||     6
 Stab: Sleeping          |     3 |     1 ||     4
Armor: Leather armour    |    29 |    30 ||    59
Dodge: Dodged            |    65 |    69 ||   134
